 Dungeon Crawl Stone Soup version 0.28.0-43-g3370ac3207 (webtiles) character file.

Game seed: 7122425599803361199

121 sizableburger the Skirmisher (level 4, -1/35 HPs)
             Began as a Mummy Warper on Mar 7, 2022.
             Was a Believer of Vehumet.
             Killed from afar by an orc wizard (15 damage)
             ... with a puff of flame
             ... on level 2 of the Dungeon.
             The game lasted 00:07:19 (3838 turns).

sizableburger the Skirmisher (Mummy Warper)         Turns: 3838, Time: 00:07:19

Health: -1/35      AC:  3    Str: 14    XL:     4   Next: 77%
Magic:  1/8        EV: 11    Int: 14    God:    Vehumet [**....]
Gold:   96         SH:  0    Dex: 11    Spells: 3/9 levels left

rFire   x . .      SeeInvis .   a - +0 mace
rCold   + . .      Faith    .   (no shield)
rNeg    + + +      Spirit   .   b - +0 leather armour
rPois   ∞          Reflect  .   (no helmet)
rElec   .          Harm     .   (no cloak)
rCorr   .          Rampage  .   (no gloves)
Will    .....                   (no boots)
Stlth   +.........              (no amulet)
HPRegen 0.11/turn               (no ring)
MPRegen 0.11/turn               (no ring)

@: very slightly contaminated
A: cold resistance 1, negative energy resistance 3, torment resistance 2, heat
vulnerability 1, no potions
a: Renounce Religion


You were on level 2 of the Dungeon.
You worshipped Vehumet.
Vehumet was pleased with you.
You visited 1 branch of the dungeon, and saw 4 of its levels.

You collected 96 gold pieces.

Inventory:

Hand Weapons
 a - a +0 mace (weapon)
Missiles
 d - 4 boomerangs of dispersal
 g - 3 poisoned darts
 i - 47 stones
Armour
 b - a +0 leather armour (worn)
Jewellery
 e - a ring of flight
Scrolls
 c - 2 scrolls of blinking
 f - a scroll of fear {unknown}
 h - a scroll of amnesia {unknown}
 j - a scroll of brand weapon {unknown}
 k - a scroll of enchant weapon {unknown}
 l - a scroll of teleportation {unknown}


   Skills:
 + Level 3.1 Fighting
 - Level 2.3 Maces & Flails
 - Level 0.7 Throwing
 - Level 0.7 Armour
 - Level 1.5 Dodging
 + Level 3.1 Spellcasting
 - Level 2.4 Translocations
 - Level 1.2 Ice Magic
 + Level 0.9 Air Magic
 - Level 0.4 Earth Magic
 + Level 0.9 Poison Magic


You had 3 spell levels left.
You knew the following spells:

 Your Spells              Type           Power      Damage    Failure   Level
a - Freeze                Ice            20%        1d4       16%         1
b - Blink                 Tloc           16%        N/A       16%         2
c - Sandblast             Erth           6%         2d5       22%         1
d - Poisonous Vapours     Pois/Air       8%         N/A       28%         2

Your spell library contained the following spells:

 Spells                   Type           Power      Damage    Failure   Level
 Gell's Gravitas          Tloc           8%         N/A       30%         3
 Lesser Beckoning         Tloc           8%         N/A       30%         3
 Teleport Other           Tloc           8%         N/A       30%         3
 Corpse Rot               Necr/Air       6%         N/A       32%         2
 Manifold Assault         Tloc           8%         N/A       95%         5


Dungeon Overview and Level Annotations

Branches:
Dungeon (4/15)
 Temple: D:4-7

Altars:
Vehumet


Innate Abilities, Weirdness & Mutations

You are immune to poison.
Your flesh is cold resistant. (rC+)
You are immune to negative energy. (rN+++)
You are immune to unholy pain and torment.
You are vulnerable to heat. (rF-)
You do not drink.


Message History

The orc wizard hits you but does no damage.
Casting: Freeze (safe; 16% risk of failure)
Confirm with . or Enter, or press ? or * to list all spells.
Aiming: Freeze (safe; 16% risk of failure)
Press: ? - help, Shift-Dir - straight line, f/p - adder
Aim: an adder (almost dead, slow)
You freeze the adder.
You kill the adder!
Vehumet accepts your kill. The orc wizard casts a spell at you.
The puff of flame hits you! The fire burns you terribly!
Casting: Freeze (safe; 16% risk of failure)
Confirm with . or Enter, or press ? or * to list all spells.
Aiming: Freeze (safe; 16% risk of failure)
Press: ? - help, Shift-Dir - straight line, f - orc wizard
Aim: an orc wizard, wielding a +0 dagger and wearing a +0 robe You freeze the orc wizard.
The orc wizard is lightly wounded.
The orc wizard closely misses you.
Unknown command.
Casting: Freeze (safe; 16% risk of failure)
Confirm with . or Enter, or press ? or * to list all spells.
Aiming: Freeze (safe; 16% risk of failure)
Press: ? - help, Shift-Dir - straight line, f/p - orc wizard
Aim: an orc wizard, wielding a +0 dagger and wearing a +0 robe (lightly wounded)
You freeze the orc wizard.
The orc wizard is lightly wounded.
The orc wizard misses you.
Your magical contamination has completely faded away.
Casting: Freeze (safe; 16% risk of failure)
Confirm with . or Enter, or press ? or * to list all spells.
Aiming: Freeze (safe; 16% risk of failure)
Press: ? - help, Shift-Dir - straight line, f/p - orc wizard
Aim: an orc wizard, wielding a +0 dagger and wearing a +0 robe (lightly wounded)
You miscast Freeze.
You are very lightly contaminated with residual magic.
Nothing appears to happen.
The orc wizard points at you and mumbles some strange words.
The puff of flame hits you! The fire burns you terribly!
You die...

######## #......#
#########......#
#.......'......#
#####.##.#.#......#
#...#.##.#.#......#####
#..##.##!#.###........#########
#..##.##.#.# #o†..............)
#..##.##.#.###@#....#.##.....##
#..##....#.....#.##(#.##.....##
#..######<.............'...)...
#..............###.##.##.......
#.#.....######.###.##.##.......
#.#.....'..##......##.######...
#.#..^..##.##....#.##.# #...
#.##'#........##.####.# #...
#.##.#.###.#####......# ####


You could see an orc wizard.

Vanquished Creatures
  A hound (D:4)
  A hound skeleton (D:4)
  An adder (D:2)
  2 worms (D:2)
  An orc (D:3)
  6 ball pythons
  2 endoplasms (D:1)
  3 giant cockroaches (D:2)
  4 goblins
  9 hobgoblins
  10 jackals
  A quokka (D:3)
  6 bats
  4 frilled lizards
  9 rats
60 creatures vanquished.

Notes
Turn   | Place    | Note
-------+----------+-------------------------------------------
     0 | D:1      | sizableburger the Mummy Warper began the quest for the Orb.
     0 | D:1      | Reached XP level 1. HP: 16/16 MP: 4/4
   209 | D:1      | Found a faded altar of an unknown god.
   219 | D:1      | Prayed at the altar of an unknown god.
   219 | D:1      | Became a worshipper of Vehumet
   219 | D:1      | Reached * piety under Vehumet
   219 | D:1      | Offered knowledge of Freeze by Vehumet.
   250 | D:1      | Learned a level 1 spell: Freeze
   445 | D:1      | Reached XP level 2. HP: 17/22 MP: 5/5
   990 | D:1      | Reached XP level 3. HP: 9/28 MP: 1/7
  1197 | D:1      | Learned a level 2 spell: Blink
  1307 | D:1      | Reached skill level 1 in Ice Magic
  1821 | D:1      | Offered knowledge of Sandblast by Vehumet.
  2033 | D:2      | Learned a level 1 spell: Sandblast
  2067 | D:2      | Reached ** piety under Vehumet
  2362 | D:2      | Learned a level 2 spell: Poisonous Vapours
  3285 | D:4      | Reached XP level 4. HP: 8/34 MP: 2/8
  3761 | D:4      | Noticed a black bear
  3838 | D:2      | Killed from afar by an orc wizard

Illustrated notes

Levels and vault maps discovered:
D:1:      minmay_arrival_widening_spiral_narrow, layout_basic,
          chequers_ecumenical_altar_simple
D:2:      layout_basic
D:3:      layout_basic, grunt_ministairs_2, minmay_misc_feat_cross,
          kennysheep_generic_room_2
D:4:      layout_cave_pools

Skill      XL: |  1  2  3  4 |
---------------+-------------+-----
Maces & Flails | 2 |  2.3
Ice Magic      | 1 |  1.2
Fighting       | 3 |  3.1
Spellcasting   | 3 |  3.1
Throwing       | |  0.7
Armour         | |  0.7
Dodging        | |  1.5
Translocations | |  2.4
Air Magic      | |  0.9
Earth Magic    | |  0.4
Poison Magic   | |  0.9

Action                   |  1- 3 |  4- 6 || total
-------------------------+-------+-------++-------
Melee: Mace              |   147 |    12 ||   159
       Punch             |     2 |       ||     2
Throw: Boomerang         |     1 |       ||     1
 Cast: Freeze            |    42 |    11 ||    53
       Sandblast         |     1 |     4 ||     5
 Stab: Sleeping          |     1 |       ||     1
Armor: Leather armour    |    62 |    12 ||    74
Dodge: Dodged            |   137 |    31 ||   168
